 Dungeon Crawl Stone Soup version 0.31-a0-1-g4198be8af4 (webtiles) character file.

Game seed: 9060611027739139806

239 LobsterGuardian the Sneak (level 5, -1/21 HPs)
             Began as a Felid Venom Mage on May 1, 2023.
             Was an Initiate of Hepliaklqana.
             Slain by a phantom (3 damage)
             ... on level 5 of the Dungeon.
             The game lasted 00:12:14 (3499 turns).

LobsterGuardian the Sneak (Felid Venom Mage)        Turns: 3499, Time: 00:12:15

Health: -1/21      AC:  2    Str:  4    XL:     5   Next: 79%
Magic:  2/9        EV: 17    Int: 17    God:    Hepliaklqana [......]
Gold:   159        SH:  0    Dex: 18    Spells: 2/8 levels left
                                        Lives:  0   Deaths: 1

rFire   . .          .
                       - Unarmed
rCold   . . .        (shield unavailable)
rNeg    . . .        (body armour unavailable)
rPois   .            (helmet unavailable)
rElec   .            (cloak unavailable)
rCorr   .            (gloves unavailable)
SInv    +            (boots unavailable)
Will    .....        l - amulet of faith
Stlth   ++++         (no ring)
HPRegen 0.23/turn    (no ring)
MPRegen 0.11/turn

%: clarity, faith
@: quick
A: very small, claws 1, fangs 3, see invisible, speed 1, shaggy fur 2, stealthy
paws, no weapons or thrown items, no armour, multi-lived, clarity, subdued magic
1
a: Renounce Religion


You were on level 5 of the Dungeon.
You worshipped Hepliaklqana.
Hepliaklqana was noncommittal.
You visited 2 branches of the dungeon, and saw 6 of its levels.

You collected 159 gold pieces.

Inventory:

Jewellery
 l - an amulet of faith (around neck)
Scrolls
 b - a scroll of silence {unknown}
 c - a scroll of fog
 e - 2 scrolls of vulnerability {unknown}
 f - a scroll of immolation {unknown}
 h - 2 scrolls of noise
 i - a scroll of summoning
Potions
 a - a potion of magic
 d - a potion of haste
 g - 2 potions of brilliance
 j - a potion of might
 m - a potion of degeneration
 n - a potion of invisibility


   Skills:
 - Level 2.6 Dodging
 * Level 6.4 Stealth
 + Level 1.5 Unarmed Combat
 - Level 2.0 Spellcasting
 - Level 1.1 Transmutations
 + Level 1.3 Air Magic
 + Level 5.3 Poison Magic


You had 2 spell levels left.
You knew the following spells:

 Your Spells              Type           Power      Damage    Failure   Level
a - Sting                 Tmut/Pois      36%        1d4       4%          1
b - Poisonous Vapours     Pois/Air       20%        N/A       6%          2
c - Mephitic Cloud        Conj/Pois/Air  7%         N/A       21%         3

Your spell library contained the following spells:

 Spells                   Type           Power      Damage    Failure   Level
 Necrotise                Necr           4%         1d4       16%         1
 Passwall                 Tmut/Erth      1%         N/A       21%         2
 Ensorcelled Hibernation  Hex/Ice        2%         N/A       24%         2
 Scorch                   Fire           2%         2d5       24%         2
 Olgreb's Toxic Radiance  Pois           15%        N/A       19%         4
 Swiftness                Air            4%         N/A       30%         3
 Vampiric Draining        Necr           1%         2d6       45%         3
 Flame Wave               Conj/Fire      1%         2d4       86%         4
 Agony                    Necr           1%         N/A       99%         5
 Summon Forest            Summ/Tloc      0%         N/A       99%         5
 Summon Mana Viper        Hex/Summ       1%         N/A       99%         5
 Summon Cactus Giant      Summ           0%         N/A       100%        6


Dungeon Overview and Level Annotations

Branches:
Dungeon (5/15)             Temple (1/1) D:4

Altars:
Ashenzari
Cheibriados
Dithmenos
Elyvilon
Fedhas
Gozag
Hepliaklqana
Kikubaaqudgha
Makhleb
Nemelex Xobeh
Okawaru
Qazlal
Ru
Sif Muna
Trog
Uskayaw
Vehumet
Wu Jian
Xom
Yredelemnul
Zin
The Shining One

Annotations:
D:4 Menkaure


Innate Abilities, Weirdness & Mutations

You have sharp claws.
You have razor-sharp teeth.
You have supernaturally acute eyesight. (SInv)
You cover ground quickly. (Speed+)
You are covered in thick fur. (AC +2)
Your paws help you pounce on unaware monsters.
You are incapable of wielding weapons or throwing items.
You cannot wear armour.
You gain extra lives every three experience levels.
You possess an exceptional clarity of mind.
Your spells are a little easier to cast, but a little less powerful.


Message History

Aiming: Sting (safe; 4% risk of failure)
Press: ? - help, Shift-Dir - straight line, f/p - phantom
Aim: a phantom (almost destroyed, 56% to hit)
The sting hits the phantom.
The phantom partially resists.
The phantom is almost destroyed.
The phantom hits you.
Unknown command.
Casting: Sting (safe; 4% risk of failure)
Confirm with . or Enter, or press ? or * to list all spells.
Aiming: Sting (safe; 4% risk of failure)
Press: ? - help, Shift-Dir - straight line, f/p - phantom
Aim: a phantom (almost destroyed, 56% to hit)
The sting misses the phantom.
The phantom hits you.
* * * LOW HITPOINT WARNING * * *
The phantom blinks!
You blink.
Unknown command.
Casting: Sting (safe; 4% risk of failure)
Confirm with . or Enter, or press ? or * to list all spells.
Aiming: Sting (safe; 4% risk of failure)
Press: ? - help, Shift-Dir - straight line, f/p - phantom
Aim: a phantom (almost destroyed, 56% to hit)
The sting hits the phantom but does no damage.
The phantom is almost destroyed.
The phantom barely misses you.
Unknown command.
Casting: Sting (safe; 4% risk of failure)
Confirm with . or Enter, or press ? or * to list all spells.
Aiming: Sting (safe; 4% risk of failure)
Press: ? - help, Shift-Dir - straight line, f/p - phantom
Aim: a phantom (almost destroyed, 56% to hit)
The sting misses the phantom.
The phantom hits you.
* * * LOW HITPOINT WARNING * * *
Unknown command.
Casting: Sting (safe; 4% risk of failure)
Confirm with . or Enter, or press ? or * to list all spells.
Aiming: Sting (safe; 4% risk of failure)
Press: ? - help, Shift-Dir - straight line, f/p - phantom
Aim: a phantom (almost destroyed, 56% to hit)
The sting misses the phantom.
The phantom hits you.
You die...

#.# #.###.###
#.......#
#####.#.######
#.#......#
#.#.###.##
#.#.....#
#.#..##.#
#@#..##.##
#...W.#.....<#
###########..#
...## ###.#
#.# #.# #.#
#.#


You could see a phantom.

Vanquished Creatures
  Sigmund (D:3)
  An ogre (D:3)
  2 howler monkeys (D:4)
  6 adders
  A worm (D:3)
  A dart slug (D:2)
  6 orcs
  4 ball pythons
  6 endoplasms
  2 giant cockroaches
  2 goblins
  10 hobgoblins
  8 kobolds
  3 quokkas (D:2)
  6 bats
  3 frilled lizards
  3 rats
65 creatures vanquished.

Vanquished Creatures (others)
  3 plants (D:3)
3 creatures vanquished.

Grand Total: 68 creatures vanquished

Notes
Turn   | Place    | Note
-------+----------+-------------------------------------------
     0 | D:1      | LobsterGuardian the Felid Venom Mage began the quest for
                  | the Orb.
     0 | D:1      | Reached XP level 1. HP: 7/7 MP: 4/4
   273 | D:1      | Reached XP level 2. HP: 11/11 MP: 4/6
   337 | D:1      | You fall into a shaft and drop 1 floor!
   558 | D:1      | Reached skill level 3 in Stealth
  1073 | D:2      | Reached XP level 3. HP: 12/14 MP: 2/7
  1571 | D:2      | Found a faded altar of an unknown god.
  1626 | D:3      | Noticed Sigmund
  1813 | D:4      | Noticed an ogre
  1829 | D:2      | Learned a level 2 spell: Poisonous Vapours
  1833 | D:2      | Learned a level 3 spell: Mephitic Cloud
  2055 | D:4      | Reached XP level 4. HP: 18/18 MP: 8/8
  2099 | D:4      | Found a hazy altar of Hepliaklqana.
  2207 | D:4      | Became a worshipper of Hepliaklqana the Forgotten
  2324 | D:4      | Reached skill level 4 in Stealth
  2442 | D:4      | Found a staircase to the Ecumenical Temple.
  2449 | Temple   | Entered the Ecumenical Temple
  2560 | D:4      | Reached XP level 5. HP: 21/21 MP: 6/9
  2629 | D:4      | Reached skill level 5 in Stealth
  2792 | D:4      | Noticed Menkaure
  2851 | D:3      | Killed Sigmund
  2852 | D:3      | Reached skill level 6 in Stealth
  2852 | D:3      | Reached skill level 1 in Unarmed Combat
  2852 | D:3      | Reached skill level 1 in Air Magic
  2852 | D:3      | Reached skill level 5 in Poison Magic
  2852 | D:3      | Gained mutation: You are covered in thick fur. (AC +2)
                  | [Felid growth]
  2852 | D:3      | Reached XP level 6. HP: 16/24 MP: 1/10
  3058 | D:3      | Slain by an orc
  3059 | D:3      | Reached XP level 5. HP: -2/21 MP: 0/9
  3292 | D:3      | Found a bloodstained altar of Trog.
  3293 | D:3      | Found an iron altar of Okawaru.
  3293 | D:3      | Found a glowing silver altar of Zin.
  3294 | D:3      | Found an ancient bone altar of Kikubaaqudgha.
  3360 | D:3      | Found a faded altar of an unknown god.
  3360 | D:3      | Found a snail-covered altar of Cheibriados.
  3369 | D:3      | Found a sacrificial altar of Ru.
  3371 | D:3      | Found a shimmering altar of Xom.
  3373 | D:3      | Found a stormy altar of Qazlal.
  3427 | D:3      | Gained mutation: Your spells are a little easier to cast,
                  | but a little less powerful. [potion of mutation]
  3427 | D:3      | Gained mutation: You possess an exceptional clarity of
                  | mind. [potion of mutation]
  3442 | D:5      | Entered Level 5 of the Dungeon
  3488 | D:5      | Noticed a phantom
  3499 | D:5      | Slain by a phantom

Illustrated notes

Levels and vault maps discovered:
D:1:      minmay_arrival_checkered_box, layout_loops_cross, serial_rivers,
          chequers_serial_rivers_room_b, chequers_serial_rivers_micro_c,
          chequers_serial_rivers_micro_e, chequers_serial_rivers_marsh,
          chequers_serial_rivers_micro_b, chequers_decorated_corner,
          grunt_decor_arrowhead, minmay_cupped
D:2:      layout_basic, shapermc_ecumenical_altar_mp_vishouse, minmay_vboxes
D:3:      layout_basic, chequers_temple_overflow_minitemple,
          chequers_temple_overflow_statue_of_worship, serial_bayou_ford_a,
          uniq_sigmund
D:4:      layout_loops_ring, nicolae_hepliaklqana_hippocampus,
          minmay_temple_entry_tees, uniq_menkaure
D:5:      layout_basic, serial_shops, shop, ebering_dispersal_statue_hall,
          nicolae_goblin_pals, uniq_pikel
Temple:   nicolae_temple_god_jail

Skill      XL: |  1  2  3  4  5 |
---------------+----------------+-----
Poison Magic   | 3 4 5 |  5.3
Stealth        | 3 4 6 |  6.4
Unarmed Combat | 1 |  1.5
Air Magic      | 1 |  1.3
Dodging        | |  2.6
Spellcasting   | |  2.0
Transmutations | |  1.1

Action                     |  1- 3 |  4- 6 || total
---------------------------+-------+-------++-------
  Melee: Unarmed           |    58 |    37 ||    95
         Bite              |     2 |     9 ||    11
         Punch             |       |     1 ||     1
   Cast: Sting             |    51 |    47 ||    98
         Poisonous Vapours |     3 |    15 ||    18
         Mephitic Cloud    |       |     2 ||     2
    Use: Scroll            |     7 |     3 ||    10
         Potion            |     1 |     3 ||     4
   Stab: Sleeping          |     8 |     2 ||    10
         Invisible         |       |     2 ||     2
         Confused          |       |     2 ||     2
 Armour: Skin              |     5 |     2 ||     7
  Dodge: Dodged            |    82 |    35 ||   117

Table legend: (Time is in decaauts)
 A = Elapsed time spent in this place.
 B = Non-inter-level travel time spent in this place.
 C = Inter-level travel time spent in this place.
 D = Time resting spent in this place.
 E = Time spent auto-exploring this place.
 F = Levels seen in this place.
 G = Mean time per level.
                   A        B        C        D        E       F      G
               +--------+--------+--------+--------+--------+-----+--------+
         Total |   3106 |   2961 |    145 |      5 |   2343 |   6 |  517.7 |
       Dungeon |   3051 |   2917 |    134 |      5 |   2310 |   5 |  610.2 |
        Temple |     54 |     43 |     11 |      0 |     33 |   1 |   54.0 |
               +--------+--------+--------+--------+--------+-----+--------+

Top non-repeatable levels by time:
     D:2: 784 daAuts
     D:1: 784 daAuts
     D:4: 744 daAuts
     D:3: 684 daAuts
  Temple: 54 daAuts
     D:5: 54 daAuts
